 Dungeon Crawl Stone Soup version 0.29-a0-559-g359e09b9d1 (webtiles) character file.

Game seed: 7168200829574045759

2270 happo123 the Covert (level 9, -1/51 HPs)
             Began as a Vampire Enchanter on June 9, 2022.
             Slain by a two-headed ogre
             ... wielding a +0 giant club
              (23 damage)
             ... on level 6 of the Dungeon.
             The game lasted 00:28:07 (6852 turns).

happo123 the Covert (Vampire Enchanter)             Turns: 6852, Time: 00:28:09

Health: -1/51      AC:  5    Str:  7    XL:     9   Next: 16%
Magic:  11/15      EV: 14    Int: 22    God:
Gold:   362        SH:  0    Dex: 14    Spells: 8/16 levels left

rFire   . . .      SeeInvis +   J - +2 rapier (distort)
rCold   + + +      Faith    .   (no shield)
rNeg    + + +      Spirit   .   P - +2 robe {rC+}
rPois   ∞          Reflect  .   (no helmet)
rElec   .          Harm     .   g - +0 cloak
rCorr   .          Rampage  .   (no gloves)
Will    .....                   (no boots)
Stlth   ++++++....              G - amulet of regeneration
HPRegen 0.00/turn               (no ring)
MPRegen 0.14/turn               (no ring)

@: bloodless, inhibited regen, invisible
A: bloodless, fangs 3, see invisible, vampiric 2
a: Bat Form, Revivify


You were on level 6 of the Dungeon.
You visited 1 branch of the dungeon, and saw 6 of its levels.
You visited the Abyss 1 time.
You also visited: Ossuary.

You collected 362 gold pieces.

Inventory:

Hand Weapons
 a - a +1 dagger
 I - a +1 short sword of distortion
 J - a +2 rapier of distortion (weapon)
Missiles
 z - a throwing net
Armour
 b - a +0 robe
 g - a +0 cloak (worn)
 P - a +2 robe of cold resistance (worn)
 U - a +1 ring mail of willpower
Jewellery
 k - a ring of resist corrosion
 s - a ring of protection from cold
 G - an amulet of regeneration (around neck)
 M - an amulet of reflection
Wands
 w - a wand of iceblast (5)
 B - a wand of polymorph (6)
 D - a wand of digging (7)
 Q - a wand of paralysis (20)
Scrolls
 d - 4 scrolls of blinking {unknown}
 e - 5 scrolls of identify {unknown}
 l - a scroll of immolation {unknown}
 n - a scroll of summoning {unknown}
 o - 3 scrolls of teleportation {unknown}
 p - a scroll of torment {unknown}
 r - a scroll of magic mapping {unknown}
 t - a scroll of enchant weapon {unknown}
 v - a scroll of amnesia {unknown}
 y - a scroll of fog {unknown}
 A - 3 scrolls of poison {unknown}
 E - 2 scrolls of vulnerability {unknown}
 H - a scroll of silence {unknown}
 L - a scroll of noise {unknown}
 R - a scroll of enchant armour {unknown}
 S - 2 scrolls of brand weapon {unknown}
Potions
 c - 4 potions of invisibility
 f - 4 potions of curing {unknown}
 h - 2 potions of flight {unknown}
 i - 5 potions of might {unknown}
 j - 2 potions of ambrosia {unknown}
 m - 2 potions of haste {unknown}
 q - 4 potions of degeneration {unknown}
 u - 3 potions of heal wounds {unknown}
 x - a potion of berserk rage {unknown}
 C - a potion of lignification {unknown}
 F - 2 potions of attraction {unknown}
 N - a potion of resistance {unknown}
 O - 2 potions of brilliance {unknown}
 T - 2 potions of mutation {unknown}
Miscellaneous
 K - a piece from Xom's chessboard (15/15)


   Skills:
 + Level 3.4 Fighting
 + Level 4.5 Short Blades
 + Level 4.9 Dodging
 * Level 10.3 Stealth
 + Level 4.1 Spellcasting
 * Level 9.4 Hexes
 + Level 3.1 Ice Magic


You had 8 spell levels left.
You knew the following spells:

 Your Spells              Type           Power      Damage    Failure   Level
a - Ensorcelled Hibernat  Hex/Ice        64%        N/A       1%          2
b - Confusing Touch       Hex            46%        N/A       1%          3
c - Tukima's Dance        Hex            46%        N/A       1%          3

Your spell library contained the following spells:

 Spells                   Type           Power      Damage    Failure   Level
 Slow                     Hex            100%       N/A       1%          1
 Dazzling Flash           Conj/Hex       50%        N/A       4%          3
 Apportation              Tloc           8%         N/A       11%         1
 Necrotize                Necr           16%        1d4       11%         1
 Summon Small Mammal      Summ           16%        N/A       11%         1
 Vampiric Draining        Necr           4%         2d6       32%         3


Dungeon Overview and Level Annotations

Branches:
Dungeon (6/15)            Ossuary (visited)
 Temple: D:4-7

Altars:
Lugonu

Shops:
D:4 !

Portals:
Abyss: D:5

Annotations:
D:3 2 transporters
D:6 2 runed translucent doors


Innate Abilities, Weirdness & Mutations

You do not regenerate when monsters are visible.
You are frail without blood (-20% HP).
You can heal yourself when you bite living creatures.
You are immune to poison.
You have razor-sharp teeth.
You have supernaturally acute eyesight. (SInv)
You are afflicted with vampirism and can become a bat while bloodless.


Message History

You see here a sky beast corpse.
Things that are here:
a +0 shortbow; an adder corpse
F - 2 emerald potions (gained 1)
Things that are here:
a +0 shortbow; an adder corpse
There is an open door here.
The two-headed ogre shouts in stereo!
There are monsters nearby!
The two-headed ogre shouts in stereo!
There are monsters nearby!
Found 6 atropa-tipped darts.
Found a stone staircase leading down.
You see here 6 atropa-tipped darts.
There is a stone staircase leading down here.
There is a stone staircase leading up here.
A two-headed ogre is nearby!
You fade into invisibility!
You open the large door.
Aiming: Ensorcelled Hibernation (safe; 1% risk of failure)
Press: ? - help, Q - select action, (/) - cycle Shift-Dir - straight line, f - two-headed ogre
Aim: a two-headed ogre, wielding a +0 giant club and a +0 giant spiked club (can't see you, chance to affect: 44%)
The two-headed ogre resists with some effort.
The two-headed ogre barely misses you.
The two-headed ogre hits you with a +0 giant spiked club.
The two-headed ogre hits you with a +0 giant club!!
The two-headed ogre barely misses you.
You hit the two-headed ogre.
The two-headed ogre is lightly wounded.
The two-headed ogre blinks!
Aiming: Ensorcelled Hibernation (safe; 1% risk of failure)
Press: ? - help, Q - select action, (/) - cycle Shift-Dir - straight line, f - two-headed ogre, p - two-headed ogre
Aim: a two-headed ogre, wielding two +0 giant clubs (can't see you, chance to affect: 44%)
The two-headed ogre resists with some effort.
You hit the two-headed ogre.
Space warps around the two-headed ogre.
You bite the two-headed ogre.
You draw the two-headed ogre's blood!
You feel better.
The two-headed ogre is lightly wounded.
The two-headed ogre hits you with a +0 giant club!
The two-headed ogre hits you with a +0 giant spiked club!!
You die...

##########
#####........######### ######
#.....######.........# #..(..
#.#..##8|?8##....###.# #.####
#.#..#8....8#..#.# #.# #.#
#.##.+......'.##.# #.# #.#
#.##.+......O@O..# #.####.#
##....#8.!..8#....###.##.#.####
#..#..##8![8##..........#......
#......######..........###.....
#).###.# #'###..##.## ##..##
#.## .# ###..†##.###.###..###
#.# ## #.##)#.#.# ##.#......
###.# #.#.##.#.## ##..#.###
#.<.# #.##.#.#..# #..#.#


You could see 2 two-headed ogres.

Vanquished Creatures
  Grinder (D:3)
  A shadow (D:6)
  A wraith (Ossuary)
  A steam dragon (D:6)
  2 black bears
  A sky beast (D:6)
  2 centaurs (D:6)
  2 kobold brigands (D:5)
  A scorpion (D:5)
  4 wights (Ossuary)
  A howler monkey (D:3)
  3 hounds
  3 jellies
  A gnoll shaman (D:4)
  An orc wizard (D:5)
  Ijyb (D:5)
  2 iguanas (D:5)
  9 adders
  6 gnolls
  2 white imps
  An adder zombie (Ossuary)
  A worm (D:2)
  12 dart slugs
  7 orcs (D:5)
  6 endoplasms
  3 giant cockroaches
  10 goblins
  3 hobgoblins
  3 jackals (D:2)
  8 kobolds
  8 quokkas
  10 ball pythons
  7 bats
  2 frilled lizards
  2 hobgoblin skeletons (Ossuary)
  2 hobgoblin zombies (Ossuary)
  An orc skeleton (Ossuary)
  An orc zombie (Ossuary)
  8 rats
140 creatures vanquished.

Vanquished Creatures (collateral kills)
  3 gnolls
3 creatures vanquished.

Grand Total: 143 creatures vanquished

Notes
Turn   | Place    | Note
-------+----------+-------------------------------------------
     0 | D:1      | happo123 the Vampire Enchanter began the quest for the Orb.
     0 | D:1      | Reached XP level 1. HP: 13/13 MP: 3/3
   223 | D:1      | Reached XP level 2. HP: 19/19 MP: 5/5
   229 | D:1      | Learned a level 2 spell: Ensorcelled Hibernation
   564 | D:1      | Reached skill level 5 in Stealth
   590 | D:1      | Reached skill level 5 in Hexes
   638 | D:1      | Gained mutation: You are afflicted with vampirism and can
                  | become a bat while bloodless. [Vampire growth]
   638 | D:1      | Reached XP level 3. HP: 20/20 MP: 6/6
   642 | D:1      | Learned a level 3 spell: Confusing Touch
  1447 | D:2      | Found a faded altar of an unknown god.
  1582 | D:2      | Reached XP level 4. HP: 12/24 MP: 1/7
  2058 | D:3      | Noticed Grinder
  2078 | D:3      | Killed Grinder
  2079 | D:3      | Reached skill level 1 in Fighting
  2079 | D:3      | Reached skill level 6 in Stealth
  2079 | D:3      | Reached XP level 5. HP: 9/29 MP: 3/8
  2079 | D:3      | Reached XP level 6. HP: 10/34 MP: 3/9
  2083 | D:3      | Learned a level 3 spell: Tukima's Dance
  2326 | D:3      | Found a transporter.
  2338 | D:3      | Found a transporter.
  3100 | D:3      | Reached skill level 7 in Stealth
  3602 | D:4      | Reached XP level 7. HP: 40/40 MP: 3/11
  3752 | D:4      | Found Syjuaroz's Distillery.
  4207 | D:5      | Entered Level 5 of the Dungeon
  4422 | D:5      | Reached skill level 1 in Ice Magic
  4597 | D:5      | Noticed Ijyb
  4611 | D:5      | Killed Ijyb
  4756 | D:5      | Reached skill level 8 in Stealth
  4859 | D:5      | Found a large runed translucent door.
  4859 | D:5      | Found a large runed translucent door.
  4861 | D:5      | Found a corrupted altar of Lugonu.
  4887 | D:5      | Found a one-way gate to the infinite horrors of the Abyss.
  5694 | D:5      | Reached XP level 8. HP: 45/45 MP: 6/13
  5767 | D:5      | Cast into level 2 of the Abyss (unwielding a weapon of
                  | distortion)
  5840 | Abyss:2  | Found an iron altar of Okawaru.
  5844 | D:5      | Escaped the Abyss
  5944 | D:6      | Reached skill level 9 in Stealth
  6155 | D:6      | Found a sand-covered staircase.
  6162 | Ossuary  | Entered an ossuary
  6262 | Ossuary  | Noticed a flying skull
  6271 | Ossuary  | Noticed a flying skull
  6293 | Ossuary  | Noticed a flying skull
  6316 | Ossuary  | Noticed a flying skull
  6335 | Ossuary  | Noticed a flying skull
  6574 | D:6      | Found a large runed translucent door.
  6574 | D:6      | Found a large runed translucent door.
  6581 | D:6      | Noticed a two-headed ogre
  6581 | D:6      | Noticed a two-headed ogre
  6587 | D:6      | Found a large runed translucent door.
  6587 | D:6      | Found a large runed translucent door.
  6612 | D:6      | Reached skill level 10 in Stealth
  6612 | D:6      | Reached XP level 9. HP: 42/51 MP: 9/15
  6852 | D:6      | Slain by a two-headed ogre

Illustrated notes

Levels and vault maps discovered:
D:1:      dpeg_arrival_pits, layout_basic, serial_co_window_serial,
          co_window_paths_a, co_window_paths_b, co_window_corner_a,
          co_window_paths_a, co_window_corner_a, co_window_corner_cb,
          co_window_paths_c, co_window_corner_b, co_window_corner_cb,
          co_window_corner_b, co_window_unsneaky_path_a, co_window_4corner_b,
          glass_columns_a, glass_columns_a, glass_columns_c, glass_columns_a,
          glass_columns_a
D:2:      layout_rooms, shapermc_ecumenical_altar_pompeii
D:3:      gammafunk_steamed_eel, layout_rooms, uniq_grinder
D:4:      kennysheep_slugbush, layout_rooms, minmay_shop_grid_forest
D:5:      due_chaos_kobolds, layout_loops_corners, hangedman_decor_push,
          kennysheep_generic_room_13, uniq_ijyb
D:6:      layout_loops_ring, lightli_ossuary_entry_decrepit_ruins,
          minmay_hollow_rounded_squares

Skill      XL: |  1  2  3  4  5  6  7  8  9 |
---------------+----------------------------+-----
Stealth        | 5 6 7 8 10 | 10.3
Hexes          | 5 6 7 9 |  9.4
Fighting       | 1 2 3 |  3.4
Short Blades   | 2 3 4 |  4.5
Dodging        | 3 4 |  4.9
Spellcasting   | 3 4 |  4.1
Ice Magic      | 1 2 3 |  3.1

Action                   |  1- 3 |  4- 6 |  7- 9 || total
-------------------------+-------+-------+-------++-------
Melee: Dagger            |    79 |    98 |    62 ||   239
       Bite              |    10 |     6 |    11 ||    27
       Punch             |     1 |     1 |     1 ||     3
       Short sword       |       |       |     3 ||     3
       Rapier            |       |       |    49 ||    49
 Cast: Ensorcelled Hiber |     7 |    32 |    47 ||    86
       Confusing Touch   |       |     2 |     3 ||     5
       Tukima's Dance    |       |       |     3 ||     3
 Abil: Exsanguinate      |     1 |       |       ||     1
  Use: Potion            |       |       |     1 ||     1
 Stab: Sleeping          |    27 |    31 |    45 ||   103
       Confused          |       |     2 |     1 ||     3
Armor: Robe              |    27 |    22 |    16 ||    65
Dodge: Dodged            |    52 |    64 |    69 ||   185

Table legend: (Time is in decaauts)
 A = Elapsed time spent in this place.
 B = Non-inter-level travel time spent in this place.
 C = Inter-level travel time spent in this place.
 D = Time resting spent in this place.
 E = Time spent auto-exploring this place.
 F = Levels seen in this place.
 G = Mean time per level.
                   A        B        C        D        E       F      G
               +--------+--------+--------+--------+--------+-----+--------+
         Total |   6855 |   6257 |    598 |    853 |   3716 |   8 |  856.9 |
       Dungeon |   6493 |   5895 |    598 |    844 |   3716 |   6 | 1082.2 |
         Abyss |     76 |     76 |      0 |      0 |      0 |   1 |   76.0 |
       Ossuary |    285 |    285 |      0 |      9 |      0 |   1 |  285.0 |
               +--------+--------+--------+--------+--------+-----+--------+

Top non-repeatable levels by time:
     D:5: 1554 daAuts
     D:1: 1301 daAuts
     D:3: 1059 daAuts
     D:4: 1055 daAuts
     D:2: 793 daAuts
     D:6: 728 daAuts
 Ossuary: 285 daAuts
 Abyss:2: 76 daAuts
